 Dungeon Sprint DCSS version 0.21.1-1-g345015f (webtiles) character file.

133 Fang the Skirmisher (level 5, -12/57 HPs)
             Began as a Gargoyle Berserker on June 28, 2018.
             Was an Elder of Trog.
             Impaled on a porcupine's spines (13 damage)
             ... in the Dungeon (Sprint VII: "The Pits").
             The game lasted 00:01:00 (381 turns).

Fang the Skirmisher (Gargoyle Berserker)             Turns: 381, Time: 00:01:00

Health: -12/57     AC:  6    Str: 26    XL:     5   Next: 16%
Magic:  5/5        EV: 12    Int:  8    God:    Trog [****..]
Gold:   0          SH:  0    Dex:  9    Spells: 4/4 levels left

rFire    . . .     SeeInvis .   n - +2 hand axe (freeze)
rCold    . . .     Gourm    .   (no shield)
rNeg     + . .     Faith    .   b - +0 animal skin
rPois    ∞         Spirit   .   (no helmet)
rElec    +         Reflect  .   (no cloak)
rCorr    .         Harm     .   (no gloves)
MR       .....     NoTele   +   (no boots)
Stlth    ..........             (no amulet)
HPRegen  0.19/turn              (no ring)
MPRegen  0.09/turn              (no ring)

@: berserking (expiring), very quick
A: negative energy resistance 1, electricity resistance, unbreathing,
petrification resistance, rot immunity, AC +4
a: Berserk, Trog's Hand, Brothers in Arms, Burn Spellbooks, Renounce Religion


You were in the Dungeon.
You worshipped Trog.
Trog was greatly pleased with you.
You were not hungry.

You visited 1 branch

Inventory:

Hand Weapons
 j - a +2 hand axe of electrocution
 n - a +2 hand axe of freezing (weapon)
Missiles
 m - 5 javelins of returning (quivered)
Armour
 b - a +0 animal skin (worn)
Scrolls
 i - a scroll of blinking
 k - 3 scrolls of remove curse
 l - a scroll of summoning
Potions
 a - 2 potions of invisibility
 d - 6 potions of curing
 e - 6 potions of heal wounds
 f - a potion of haste
 g - 4 potions of magic
 h - 3 potions of berserk rage
Comestibles
 c - 9 rations


   Skills:
 + Level 7.0 Fighting
 + Level 6.8 Axes
 + Level 3.6 Armour
 + Level 3.0 Dodging


You had 4 spell levels left.
You didn't know any spells.

Dungeon Overview and Level Annotations

Branches:
Dungeon (1/1)

Altars:
Cheibriados
Dithmenos
Elyvilon
Fedhas
Gozag
Hepliaklqana
Makhleb
Nemelex Xobeh
Okawaru
Qazlal
Ru
Sif Muna
Trog
Vehumet
Wu Jian
Xom
Yredelemnul
Zin
The Shining One
Beogh
Jiyva
Lugonu


Innate Abilities, Weirdness & Mutations

You are resistant to torment.
Your stone body is resilient. (AC +4)
You are immune to poison.
You resist negative energy. (rN+)
You are resistant to electric shocks. (rElec)
You can survive without breathing.
You are immune to petrification.
You are immune to rotting.


Message History

You feel clever.
You have reached level 5!
You hit the white imp.
You are struck by the porcupine's spines.
* * * LOW HITPOINT WARNING * * *
You hit the porcupine. You freeze the porcupine.
The white imp hits you but does no damage.
The gnoll sergeant barely misses you. The gnoll closely misses you.
The porcupine misses you.
A gnoll comes into view. It is wielding a whip.
The gnoll shouts!
You hear a shout!
The gnoll sergeant hits you with a spear of venom!
* * * LOW HITPOINT WARNING * * *
You see here a spear.
Unknown command.
You slash the gnoll sergeant! You freeze the gnoll sergeant.
The gnoll sergeant is severely wounded.
You closely miss the white imp.
You are struck by the porcupine's spines.
You die...

#.#........##.....
#.#........##.....
#.#####'#####...<.
#.#..[)))..##.....
#.#..[).)..##.....
#'###########.....
#.).g...# ######
#5r#.#..# #@## #
#ggg....#
#.##.##.# #.. #
#.. ####


You could see a gnoll sergeant, a porcupine, 2 gnolls, a white imp and a
hobgoblin.

Vanquished Creatures
  A necrophage (D)
  A gnoll (D)
  A river rat (D)
  2 ufetubi (D)
  An ooze (D)
  A leopard gecko (D)
  A hobgoblin (D)
  3 jackals (D)
  A kobold (D)
  A quokka (D)
  2 rats (D)
15 creatures vanquished.

Vanquished Creatures (others)
  A shadow dragon (D)
  A spriggan air mage (D)
  A naga mage (D)
  3 yaktaurs (D)
  A naga (D)
7 creatures vanquished.

Grand Total: 22 creatures vanquished

Notes
Turn   | Place    | Note
-------+----------+-------------------------------------------
     0 | D        | Fang the Gargoyle Berserker began the quest for the Orb.
     0 | D        | Reached XP level 1. HP: 14/14 MP: 1/1
     4 | D        | Killed a spriggan air mage
     7 | D        | Killed a yaktaur
     9 | D        | Killed a yaktaur
    10 | D        | Killed a naga
    11 | D        | Killed a naga mage
    23 | D        | Reached skill level 4 in Fighting
    23 | D        | Reached XP level 2. HP: 17/20 MP: 2/2
    30 | D        | Killed a shadow dragon
    33 | D        | Killed a yaktaur
    66 | D        | Found a bloodstained altar of Trog.
    66 | D        | Found a deep blue altar of Sif Muna.
    66 | D        | Found a viscous altar of Jiyva.
    66 | D        | Found a hazy altar of Hepliaklqana.
    66 | D        | Found an opulent altar of Gozag.
    67 | D        | Found a glowing golden altar of the Shining One.
    67 | D        | Found a glowing silver altar of Zin.
    67 | D        | Found a basalt altar of Yredelemnul.
    67 | D        | Found a shimmering altar of Xom.
    67 | D        | Found an ornate altar of the Wu Jian Council.
    67 | D        | Found a sacrificial altar of Ru.
    67 | D        | Found a stormy altar of Qazlal.
    67 | D        | Found an iron altar of Okawaru.
    67 | D        | Found a sparkling altar of Nemelex Xobeh.
    67 | D        | Found a burning altar of Makhleb.
    67 | D        | Found a blossoming altar of Fedhas.
    67 | D        | Found a white marble altar of Elyvilon.
    67 | D        | Found a shadowy altar of Dithmenos.
    67 | D        | Found a snail-covered altar of Cheibriados.
    69 | D        | Found a radiant altar of Vehumet.
    69 | D        | Found a corrupted altar of Lugonu.
    69 | D        | Found a roughly hewn altar of Beogh.
   155 | D        | Reached ** piety under Trog
   263 | D        | Reached XP level 3. HP: 25/25 MP: 3/3
   268 | D        | Reached *** piety under Trog
   268 | D        | Reached skill level 5 in Fighting
   279 | D        | Reached **** piety under Trog
   280 | D        | Received a gift from Trog
   369 | D        | Noticed a necrophage
   371 | D        | Noticed a gnoll sergeant
   375 | D        | Noticed a porcupine
   375 | D        | Reached skill level 5 in Axes
   379 | D        | Killed a necrophage
   379 | D        | Reached skill level 7 in Fighting
   379 | D        | Reached XP level 4. HP: 22/34 MP: 4/4
   379 | D        | Reached XP level 5. HP: 24/38 MP: 5/5
   380 | D        | HP: 1/57 [gnoll sergeant/spear of venom (10)]
   381 | D        | Impaled on a porcupine's spines

Skill      XL: |  1  2  3 |
---------------+----------+-----
Fighting       | 4 7 |  7.0
Axes           | 3 4 6 |  6.8
Dodging        | 2 3 |  3.0
Armour         | 3 |  3.6

Action                   |  1- 3 |  4- 6 || total
-------------------------+-------+-------++-------
Melee: Hand axe          |    39 |     1 ||    40
Invok: Berserk           |     2 |       ||     2
Armor: Animal skin       |     7 |     1 ||     8
Dodge: Dodged            |    31 |     3 ||    34
